 Dungeon Crawl Stone Soup version 0.23.2 (webtiles) character file.

Game seed: 18092818829402788066

13 Borgoz the Sneak (level 2, 0/22 HPs)
             Began as a Ghoul Enchanter on Apr 4, 2019.
             Slain by a bat (1 damage)
             ... on level 2 of the Dungeon.
             The game lasted 00:01:53 (971 turns).

Borgoz the Sneak (Ghoul Enchanter)                   Turns: 971, Time: 00:01:53

Health: 0/22       AC:  5    Str: 11    XL:     2   Next: 37%
Magic:  3/3        EV: 11    Int: 10    God:
Gold:   65         SH:  0    Dex:  9    Spells: 3/4 levels left

rFire    . . .     SeeInvis .   j - -3 short sword (curse)
rCold    + . .     Gourm    .   (no shield)
rNeg     + + +     Faith    .   h - +0 leather armour
rPois    ∞         Spirit   .   (no helmet)
rElec    .         Reflect  .   (no cloak)
rCorr    .         Harm     .   (no gloves)
MR       .....                  c - +1 pair of boots
Stlth    ++........             (no amulet)
HPRegen  0.00/turn              (no ring)
MPRegen  0.08/turn              (no ring)

@: rotting
A: rotting body, claws 1, carnivore, cold resistance 1, negative energy
resistance 3, inhibited regeneration, torment resistance, unbreathing
a: no special abilities


You were on level 2 of the Dungeon.
You were not hungry.

You visited 1 branch of the dungeon, and saw 2 of its levels.

You collected 65 gold pieces.

Inventory:

Hand Weapons
 a - a +1 dagger
 j - a cursed -3 short sword (weapon)
Armour
 c - a +1 pair of boots (worn)
 h - a +0 leather armour (worn)
Scrolls
 g - a scroll of teleportation
 i - a scroll of amnesia
Potions
 e - a potion of curing {unknown}
Comestibles
 d - a ration
 f - a chunk of flesh


   Skills:
 + Level 0.3 Fighting
 * Level 1.2 Short Blades
 * Level 0.6 Armour
 * Level 2.1 Dodging
 - Level 3.2 Stealth
 - Level 1.7 Spellcasting
 - Level 2.4 Hexes


You had 3 spell levels left.
You knew the following spells:

 Your Spells              Type           Power        Failure   Level  Hunger
a - Corona                Hex            #......      16%         1    ##.....

Your spell library contained the following spells:

 Spells                   Type           Power        Failure   Level  Hunger
 Ensorcelled Hibernation  Hex/Ice        #.....       36%         2    ###....
 Confuse                  Hex            #.......     43%         3    ####...
 Tukima's Dance           Hex            #.......     43%         3    ####...
 Dazzling Spray           Conj/Hex       #.....       61%         3    ####...


Dungeon Overview and Level Annotations

Branches:
Dungeon (2/15)

Altars:


Innate Abilities, Weirdness & Mutations

Your body is rotting away.
You thrive on raw meat.
You are immune to poison.
You have sharp fingernails.
You are carnivorous and can eat meat at any time.
Your flesh is cold resistant. (rC+)
You are immune to negative energy. (rN+++)
You do not regenerate when monsters are visible.
You are immune to unholy pain and torment.
You can survive without breathing.


Message History

* * * LOW HITPOINT WARNING * * *
The bat hits you.
* * * LOW HITPOINT WARNING * * *
The rat bites you but does no damage.
You barely miss the rat. The bat misses you. The bat barely misses you.
The bat completely misses you. The rat bites you but does no damage.
The bat hits you.
* * * LOW HITPOINT WARNING * * *
The rat bites you but does no damage. The bat closely misses you.
The bat closely misses you. The rat barely misses you.
You closely miss the bat. The bat barely misses you.
The bat closely misses you. The rat barely misses you.
You barely miss the bat. The bat hits you but does no damage. x2
The rat closely misses you. The bat hits you but does no damage.
The bat hits you but does no damage. The rat bites you.
* * * LOW HITPOINT WARNING * * *
The bat hits you.
You die...

#.......###...........#
####.......###........#
#......##.## +....<####
#......##.## #.....#
#.......)..# #.....#
#.)........# +.....#
#..........###....[#
#...........##.....#
#......#....##@....##
#......#...w##.b....##
#......#....##br......
####+#.#....##........
#.......w........
...................
...................
.......##..........
..#.... ..........#


You could see a worm, 2 bats and a rat.

Vanquished Creatures
  2 leopard geckos (D:1)
  A giant cockroach (D:1)
  A goblin (D:2)
  2 hobgoblins
  3 kobolds (D:2)
  A rat (D:1)
10 creatures vanquished.

Notes
Turn   | Place    | Note
-------+----------+-------------------------------------------
     0 | D:1      | Borgoz the Ghoul Enchanter began the quest for the Orb.
     0 | D:1      | Reached XP level 1. HP: 14/14 MP: 2/2
    21 | D:1      | Reached skill level 1 in Short Blades
   451 | D:1      | Reached XP level 2. HP: 19/19 MP: 3/3
   970 | D:2      | HP: 1/22 [rat (2)]
   971 | D:2      | Slain by a bat

Skill      XL: |  1 |
---------------+----+-----
Short Blades   | 1 |  1.2
Dodging        | 2 |  2.1
Fighting       | |  0.3
Armour         | |  0.6
Stealth        | |  3.2
Spellcasting   | |  1.7
Hexes          | |  2.4

Action                   || total
-------------------------++-------
Melee: Dagger            ||    32
       Short sword       ||    29
  Use: Scroll            ||     3
 Stab: Sleeping          ||     3
  Eat: Chunk             ||     4
Armor: Robe              ||     7
       Leather armour    ||    36
Dodge: Dodged            ||    73
